 Dungeon Crawl Stone Soup version 0.20.1-1-g8b1a95d (webtiles) character file.

368 Nattfarinn the Sneak (level 6, -3/61 HPs)
             Began as an Octopode Enchanter on Aug 2, 2017.
             Was a Follower of Makhleb.
             Slain by a slave (6 damage)
             ... led by Pikel
             ... on level 4 of the Dungeon.
             The game lasted 00:07:40 (3727 turns).

Nattfarinn the Sneak (Octopode Enchanter)           Turns: 3727, Time: 00:07:41

Health: -3/61      AC:  1    Str: 12    XL:     6   Next: 69%
Magic:  9/9        EV: 13    Int: 20    God:    Makhleb [*.....]
Gold:   63         SH:  0    Dex: 12    Spells: 2/9 levels left

rFire    . . .     SeeInvis .   a - +1 dagger
rCold    . . .     Gourm    .   (no shield)
rNeg     . . .     Faith    .   h - +0 hat
rPois    .         Spirit   .   (no amulet)
rElec    .         Reflect  .   (no ring)
rCorr    .         Harm     .   (no ring)
MR       .....                  (no ring)
Stlth    ..........             (no ring)
Regen    0.2/turn               (no ring)
MPRegen  0.2/turn               (no ring)
                                (no ring)
                                (no ring)

@: berserking, very quick
A: almost no armour, stealthy swim, amphibious, 8 rings, constrict 8, camouflage
1, gelatinous body 1
a: Renounce Religion


You were on level 4 of the Dungeon.
You worshipped Makhleb.
Makhleb was aware of your devotion.
You were not hungry.

You visited 1 branch of the dungeon, and saw 4 of its levels.
You also visited: Sewer.

You collected 63 gold pieces.

Inventory:

Hand Weapons
 a - a +1 dagger (weapon)
Missiles
 s - 10 poisoned needles
Armour
 h - a +0 hat (worn)
Scrolls
 e - a scroll of enchant armour {unknown}
 k - 2 scrolls of recharging {unknown}
 l - a scroll of teleportation {unknown}
 m - a scroll of immolation {unknown}
 p - a scroll of fear {unknown}
 t - a scroll of enchant weapon {unknown}
Potions
 g - 2 potions of resistance {unknown}
 j - 2 potions of lignification {unknown}
 n - a potion of mutation {unknown}
 q - a potion of might {unknown}
 r - 3 potions of curing {unknown}
 u - 2 potions of flight {unknown}
 v - 2 potions of heal wounds {unknown}
Books
 b - a book of Maledictions

   Spells                             Type                      Level
   a - Corona                         Hexes                        1
   b - Ensorcelled Hibernation        Hexes/Ice                    2
   c - Confuse                        Hexes                        3
   d - Tukima's Dance                 Hexes                        3
   e - Dazzling Spray                 Conjuration/Hexes            3
Comestibles
 c - 3 bread rations
 d - 3 fruits
 i - a royal jelly
 o - a meat ration
 w - 2 chunks of flesh


   Skills:
 * Level 2.5 Fighting
 + Level 2.6 Short Blades
 + Level 2.2 Dodging
 + Level 6.3 Stealth
 - Level 2.0 Spellcasting
 * Level 4.9 Hexes


You had 2 spell levels left.
You knew the following spells:

 Your Spells              Type           Power        Failure   Level  Hunger
a - Corona                Hex            ###....      1%          1    #......
b - Confuse               Hex            ###.....     6%          3    ###....
c - Tukima's Dance        Hex            ###.....     6%          3    ###....


Dungeon Overview and Level Annotations

Branches:
Dungeon (4/15)
 Temple: D:4-7

Altars:
Ashenzari
Makhleb

Annotations:
D:4 Pikel; eowindel's ghost, novice SpAs


Innate Abilities, Weirdness & Mutations

You cannot wear most types of armour.
You are very stealthy in the water. (Stealth+)
You are amphibious.
You can wear up to eight rings at the same time.
You can use your tentacles to constrict eight enemies at once.
Your skin changes colour to match your surroundings (Stealth+).
Your rubbery body absorbs attacks. (AC +1, EV +1)


Message History

You closely miss the river rat. Your grab misses the river rat.
The river rat misses you.
You barely miss the river rat. You grab the river rat.
You constrict the river rat. The river rat bites you.
* * * LOW HITPOINT WARNING * * *
The slave barely misses you.
You puncture the river rat!
The river rat is almost dead.
You constrict the river rat.
You kill the river rat!
Makhleb accepts your kill.
You miss eowindel's ghost. The slave hits you!
* * * LOW HITPOINT WARNING * * *
Eowindel's ghost closely misses you.
You puncture eowindel's ghost!
Eowindel's ghost is moderately damaged.
You puncture eowindel's ghost!
Eowindel's ghost is heavily damaged.
The slave hits you.
You die...

. ##. #.. #.# #.#### ##. #....
..# ##..#### ###..#
#.'##≈≈###≈#..# ...
#######.#≈≈≈≈≈≈p@#..## ...K
.......p#≈≈≈≈≈≈W≈#...# #...
........W##≈≈###≈#...### #p.#
..........####.###.....#### ##..#
##..)................#...p###...#
#....................####.>.....#
#...................## #......##
#..................## #...#...#
##.................# #...###..


You could see a slave and eowindel's ghost.

Vanquished Creatures
  A slave (D:4)
  A phantom (D:4)
  A big kobold (Sewer)
  A howler monkey (D:3)
  A hound (D:4)
  3 adders
  2 river rats
  2 oozes (D:2)
  3 worms
  4 dart slugs
  3 leopard geckos (D:1)
  4 orcs (D:3)
  8 giant cockroaches
  6 goblins
  4 hobgoblins
  5 jackals
  8 kobolds
  A quokka (D:2)
  4 bats
  2 frilled lizards
  9 rats
73 creatures vanquished.

Notes
Turn   | Place    | Note
-------+----------+-------------------------------------------
     0 | D:1      | Nattfarinn the Octopode Enchanter began the quest for the Orb.
     0 | D:1      | Reached XP level 1. HP: 11/11 MP: 3/3
   389 | D:1      | Reached XP level 2. HP: 13/18 MP: 5/5
   694 | D:1      | Reached skill level 1 in Fighting
   769 | D:1      | Reached XP level 3. HP: 23/23 MP: 6/6
  1378 | D:2      | Reached XP level 4. HP: 28/28 MP: 7/7
  1408 | D:2      | Learned a level 3 spell: Confuse
  1412 | D:2      | Learned a level 3 spell: Tukima's Dance
  1515 | D:2      | Found a burning altar of Makhleb.
  1591 | D:2      | Noticed a balrug
  1595 | D:2      | Noticed an orange demon
  1595 | D:2      | Noticed a neqoxec
  1597 | D:2      | Became a worshipper of Makhleb the Destroyer
  2239 | D:3      | Found a shattered altar of Ashenzari.
  2676 | D:3      | Reached skill level 5 in Stealth
  2877 | D:3      | Reached XP level 5. HP: 34/34 MP: 8/8
  2902 | D:3      | Reached * piety under Makhleb
  3020 | D:4      | Noticed eowindel's ghost (novice SpAs)
  3045 | D:4      | Noticed a phantom
  3074 | D:4      | Killed a phantom
  3074 | D:4      | Reached skill level 6 in Stealth
  3074 | D:4      | Reached XP level 6. HP: 16/40 MP: 1/9
  3133 | D:4      | Noticed Pikel
  3133 | D:4      | Noticed a slave
  3133 | D:4      | Noticed a slave
  3167 | D:4      | Found a glowing drain.
  3171 | Sewer    | Entered a sewer
  3674 | Sewer    | Found a white marble altar of Elyvilon.
  3720 | D:4      | Killed a slave
  3725 | D:4      | HP: 3/61 [slave[Pikel] (7)]
  3727 | D:4      | Slain by a slave

Skill      XL: |  1  2  3  4  5 |
---------------+----------------+-----
Fighting       | 1 2 |  2.5
Stealth        | 5 6 |  6.3
Hexes          | 4 |  4.9
Short Blades   | 2 |  2.6
Dodging        | |  2.2
Spellcasting   | |  2.0

Action                   |  1- 3 |  4- 6 || total
-------------------------+-------+-------++-------
Melee: Dagger            |    68 |   124 ||   192
       Constrict         |    13 |    21 ||    34
       Tentacles         |     7 |    11 ||    18
 Cast: Confuse           |       |     3 ||     3
  Use: Potion            |       |     2 ||     2
 Stab: Sleeping          |    12 |    14 ||    26
       Confused          |       |     3 ||     3
  Eat: Chunk             |     1 |     8 ||     9
Armor: Skin              |     8 |     4 ||    12
Dodge: Dodged            |    30 |    70 ||   100
